AoeStats
← ColdFront

QS Arena

503117467Analyzed
1v1 RM · 1mo ago on Aug 30, 2026· 23m 11s· 2 players
Game mode
Random Map
Map size
Tiny (2 player)
Population
200
Speed
Normal
Resources
Standard
Victory
Conquest
Starting age
Dark Age
Ending age
Imperial Age
RankedLock teamsTeams togetherTeam positionsShared explorationLock speedFull tech treeHidden civsTurbo modeCheats
Victory
Defeat
🇮🇳 Mongols · India
917
+16
🇪🇸 Teutons · Spain
909
-44
loquim
9:03 Feudal Age
23:09 Castle Age
ColdFront
9:20 Feudal Age
8:02 Loom
13:04 Castle Age
11:17 Double-Bit Axe
11:39 Horse Collar
19:12 Bloodlines
19:38 Husbandry
Connection lost

Rejoining the realm…

Still unreachable

The connection could not be restored.

Session expired

The server has moved on; the page needs a fresh start.